Map: Templo óseo EE

Players

ElNicholsman

  • Race: Terran Terran
  • League: Silver
  • Spawn Location: 7:00

LukeRoga

  • Race: Protoss Protoss
  • League: Silver
  • Spawn Location: 6:00

Bobby

  • Race: Protoss Protoss
  • League: Silver
  • Spawn Location: 7:00

MrFercho

  • Race: Zerg Zerg
  • League: Silver
  • Spawn Location: 12:00

TATORREA

  • Race: Protoss Protoss
  • League: Silver
  • Spawn Location: 3:00

tigro

  • Race: Terran Terran
  • League: Bronze
  • Spawn Location: 1:00

VOD

Have the link to the VOD?

Description

Time

  • Played on: June 12, 2020, 7:50 p.m.
  • Length: 12:10
Show
View Real Time Build Order
Export as new Build Order

ElNicholsman Terran 

Build Orders:  

Get SALT Encoding   

  12  0:17  SCV  
  12  0:20  Supply Depot  
  13  0:29  SCV  
  14  0:42  SCV  
  15  0:44  Barracks  
  15  0:51  Refinery  
  15  0:54  SCV  
  16  1:07  SCV  
  17  1:19  SCV  
  18  1:41  Command Center  
  18  1:44  Orbital Command  
  18  1:58  Refinery  
  18  2:05  Barracks Reactor  
  18  2:11  SCV  
  19  2:23  SCV  
  20  2:35  Factory, SCV  
  23  2:46  Marine, Reaper  
  23  2:53  SCV  
  23  2:56  Orbital Command  
  24  3:04  Barracks  
  24  3:05  SCV  
  25  3:17  Reaper, SCV  
  27  3:24  SCV  
  28  3:34  SCV  
  29  3:36  Marine, SCV  
  31  3:44  Factory Tech Lab  
  31  3:45  Starport  
  31  3:46  SCV  
  32  3:48  Supply Depot  
  32  3:49  Marine  
  33  3:59  Barracks Tech Lab  
  33  4:01  Marine  
  34  4:04  SCV x2  
  34  4:06  Refinery  
  36  4:10  Siege Tank  
  36  4:13  Supply Depot  
  36  4:16  Supply Depot, SCV  
  40  4:25  Engineering Bay  
  40  4:26  Viking  
  42  4:39  Marine  
  42  4:40  Marine  
  42  4:41  Marine  
  42  4:42  Combat Shield  
  45  4:50  SCV x2  
  45  4:51  Barracks  
  47  5:02  SCV x2  
  48  5:09  Widow Mine  
  50  5:17  Viking  
  50  5:18  Barracks  
  52  5:22  SCV x2  
  52  5:23  Starport  
  52  5:27  Marine  
  52  5:28  Marine, Refinery  
  55  5:31  Widow Mine  
  55  5:34  SCV  
  55  5:35  SCV  
  60  5:46  SCV  
  60  5:47  SCV  
  62  5:50  Factory  
  62  5:56  Supply Depot  
  62  5:59  Supply Depot x2  
  62  6:13  Starport Reactor, Starport Tech Lab  
  62  6:17  Marine, SCV x2  
  62  6:18  Barracks Reactor  
  65  6:21  Barracks Reactor  
  65  6:24  Stimpack  
  65  6:29  SCV  
  66  6:39  SCV  
  67  6:41  SCV  
  68  6:49  Command Center, Marine  
  68  6:50  Marine x2  
  68  6:51  SCV  
  71  7:07  Marine x2  
  71  7:28  Marine  
  71  7:29  Marine x6  
  64  8:04  Medivac x2  
  64  8:05  Medivac  
  70  8:08  Siege Tank  
  73  8:26  Marine x7  
  76  8:38  Medivac x3  
  76  8:40  Siege Tank  
  84  8:43  Marine  
  84  8:44  Marine x6  
  87  9:01  Marine x2, Factory Tech Lab  
  87  9:02  Marine x5, Concussive Shells  
  92  9:12  Siege Tank  
  94  9:44  Siege Tank  
  96  10:06  Marine x3  
  96  10:07  Marine x2  
  99  10:09  SCV  
  99  10:12  Marine  
  99  10:13  SCV  
  101  10:18  Marine  
  101  10:58  Supply Depot  
  101  10:59  Supply Depot  
  101  11:00  Supply Depot  
  101  11:01  Supply Depot  
  101  11:02  Supply Depot  
  101  11:03  Supply Depot  
  101  11:06  Supply Depot  
  101  11:08  Supply Depot  
  101  11:09  Marine  
  101  11:18  Marine  
  101  11:20  Marine x5, SCV  
  101  11:22  Viking x3  
  113  11:36  Marine  
  113  11:38  Marine  
Show
View Real Time Build Order
Export as new Build Order

LukeRoga Protoss 

Build Orders:  

Get SALT Encoding   

  12  0:02  Probe  
  13  0:21  Probe  
  13  0:24  Pylon  
  14  0:29  Probe  
  15  0:47  Gateway  
  15  0:50  Probe  
  15  0:51  Assimilator  
  16  1:02  Probe  
  17  1:24  Probe  
  18  1:35  Cybernetics Core  
  18  1:36  Probe  
  19  1:48  Probe, Nexus  
  20  2:00  Probe  
  21  2:07  Warp Gate  
  21  2:15  Stalker  
  23  2:25  Assimilator  
  23  2:33  Gateway  
  23  2:44  Pylon  
  23  2:45  Pylon  
  23  3:00  Probe  
  23  3:03  Gateway  
  23  3:05  Gateway  
  24  3:12  Probe  
  25  3:18  Stalker  
  27  3:22  Probe  
  28  3:31  Probe  
  28  3:37  Pylon  
  28  3:40  Probe  
  29  3:45  Twilight Council  
  30  3:52  Probe  
  31  4:04  Probe  
  31  4:05  Stalker x2  
  31  4:06  Stalker  
  38  4:21  Gateway  
  38  4:23  Forge  
  38  4:32  Stalker x2  
  38  4:35  Stalker  
  44  4:40  Blink  
  44  4:41  Stalker  
  46  4:55  Probe  
  47  5:03  Probe  
  47  5:11  Probe  
  47  5:13  Stalker  
  47  5:14  Stalker  
  52  5:19  Stalker  
  55  5:22  Stalker, Probe  
  58  5:30  Stalker  
  60  6:01  Stalker  
  62  6:19  Pylon  
  62  6:23  Pylon  
  62  6:27  Pylon  
  62  6:29  Pylon  
  62  6:41  Stalker x2  
  62  6:42  Stalker x3  
  72  7:05  Robotics Facility  
  56  8:04  Stalker x3  
  56  8:05  Stalker x2  
  66  8:12  Immortal  
  46  9:48  Stalker  
  46  9:49  Stalker x4  
  50  9:59  Immortal  
  46  10:16  Pylon  
  46  10:28  Gateway  
  46  10:35  Gateway  
  46  10:38  Gateway  
  46  10:39  Gateway  
  46  10:54  Stalker x2  
  46  10:55  Stalker  
  46  10:56  Stalker x2  
  58  11:45  Stalker x4  
  58  11:46  Stalker x3  
  72  11:47  Stalker x2  
Show
View Real Time Build Order
Export as new Build Order

Bobby Protoss 

Build Orders: 1 Gate Expand 

Get SALT Encoding   

  12  0:01  Probe  
  13  0:15  Probe  
  14  0:24  Pylon  
  14  0:31  Probe  
  15  0:44  Gateway  
  15  0:55  Probe  
  16  1:07  Probe  
  17  1:12  Assimilator  
  17  1:19  Probe  
  18  1:33  Probe  
  18  1:39  Nexus  
  19  1:45  Probe  
  20  1:58  Probe  
  21  2:06  Cybernetics Core  
  21  2:11  Pylon  
  21  2:21  Assimilator  
  21  2:40  Stalker  
  21  2:41  Probe  
  22  2:47  Warp Gate  
  24  2:53  Probe  
  25  3:00  Probe  
  25  3:03  Probe  
  26  3:08  Probe  
  26  3:11  Probe  
  28  3:16  Probe  
  29  3:25  Stalker  
  32  3:32  Gateway  
  32  3:36  Robotics Facility  
  32  4:14  Stalker  
  34  4:27  Immortal  
  38  4:31  Probe  
  38  4:32  Probe  
  40  4:39  Pylon  
  40  4:43  Probe  
  40  4:44  Probe  
  42  4:54  Stalker x2  
  42  4:57  Probe  
  47  5:07  Gateway  
  47  5:08  Gateway  
  47  5:11  Pylon  
  47  5:15  Pylon  
  47  5:19  Stalker x2  
  51  5:29  Immortal  
  55  5:43  Probe x2  
  57  5:50  Assimilator  
  57  5:54  Assimilator  
  57  5:55  Probe x2  
  59  5:58  Pylon  
  59  6:02  Twilight Council  
  59  6:06  Robotics Bay  
  59  6:07  Probe x2  
  61  6:15  Stalker x2  
  61  6:16  Stalker x2  
  69  6:22  Gateway  
  69  6:23  Gateway  
  69  6:26  Gateway  
  69  6:28  Gateway  
  69  6:32  Immortal  
  73  6:43  Probe x2  
  75  6:55  Probe x2  
  69  7:03  Stalker x3  
  69  7:04  Stalker, Probe  
  69  7:05  Probe  
  71  7:18  Forge x2  
  71  7:28  Stalker x2, Blink  
  71  7:29  Stalker  
  67  8:22  Stalker x5  
  75  8:31  Immortal  
  75  8:32  Extended Thermal Lance, Pylon  
  77  8:34  Pylon  
  77  8:36  Pylon  
  63  9:18  Stalker x2  
  63  9:19  Stalker x3  
  63  9:20  Stalker x3  
  63  9:23  Protoss Ground Weapons Level 1  
  75  9:31  Protoss Ground Armor Level 1, Immortal  
  79  9:45  Zealot  
  79  9:46  Zealot x6  
  79  9:47  Zealot  
  95  10:55  Stalker x3  
Show
View Real Time Build Order
Export as new Build Order

MrFercho Zerg 

Build Orders: Pool First 

Get SALT Encoding   

  12  0:01  Drone  
  13  0:16  Drone  
  14  0:23  Overlord  
  14  0:41  Drone x2  
  16  0:46  Drone  
  16  0:47  Spawning Pool  
  16  1:00  Drone  
  16  1:03  Drone  
  18  1:23  Overlord  
  18  1:27  Drone  
  18  1:28  Hatchery  
  18  1:36  Queen  
  18  1:39  Drone  
  21  1:55  Zergling x2  
  21  1:58  Drone  
  23  2:20  Drone x2  
  25  2:28  Extractor  
  25  2:29  Drone  
  25  2:41  Drone x2  
  27  2:57  Drone  
  28  2:58  Drone  
  28  2:59  Drone x3  
  32  3:06  Drone  
  32  3:09  Drone  
  32  3:12  Drone  
  35  3:29  Extractor  
  35  3:30  Extractor, Queen  
  35  3:47  Drone  
  35  3:48  Overlord x3  
  36  3:49  Overlord  
  36  3:59  Lair  
  36  4:22  Pneumatized Carapace  
  36  4:32  Spine Crawler  
  36  4:35  Spine Crawler  
  34  4:38  Spine Crawler  
  34  4:42  Spine Crawler  
  32  4:53  Drone x9  
  41  5:05  Drone  
  41  5:06  Drone x5  
  47  5:13  Spore Crawler  
  46  5:20  Drone x2  
  48  5:27  Spawning Pool  
  47  5:32  Hydralisk Den  
  47  5:33  Drone x6  
  53  6:07  Overlord x4  
  53  6:08  Overlord  
  53  6:19  Hatchery  
  53  6:25  Zergling x18  
  61  6:31  Metabolic Boost  
  61  6:38  Baneling Nest  
  60  7:00  Evolution Chamber  
  60  7:01  Hydralisk x8  
  59  7:02  Hatchery  
  59  7:03  Evolution Chamber  
  64  7:17  Zergling x10  
  69  7:25  Hatchery  
  68  7:30  Zergling x2, Hatchery  
  68  7:31  Zergling x6  
  68  7:33  Hatchery  
  57  7:47  Hydralisk  
  57  7:48  Hydralisk x9  
  65  8:07  Zerg Missile Weapons Level 1  
  65  8:08  Zerg Ground Armor Level 1  
  65  8:10  Baneling x2  
  59  8:22  Hydralisk x6  
  59  8:25  Zergling x12  
  56  8:34  Hydralisk  
  56  8:35  Hydralisk  
  51  8:55  Hydralisk  
  25  8:57  Zergling x6  
  25  8:58  Zergling x8  
  25  9:09  Drone x3  
  28  9:13  Zergling x2  
  22  9:39  Hydralisk  
  22  9:40  Hydralisk  
  22  9:44  Zergling x4  
  26  9:56  Drone x2  
  26  9:57  Drone  
  18  10:12  Zergling x6  
  4  10:50  Lair  
  4  10:51  Drone  
  4  11:07  Drone  
Show
View Real Time Build Order
Export as new Build Order

TATORREA Protoss 

Build Orders:  

Get SALT Encoding   

  12  0:01  Probe  
  13  0:20  Probe  
  14  0:21  Pylon  
  14  0:32  Probe  
  15  0:53  Gateway  
  15  0:56  Gateway, Probe  
  16  1:01  Assimilator  
  16  1:08  Probe  
  17  1:20  Probe  
  18  1:33  Probe  
  19  1:58  Cybernetics Core  
  19  2:08  Pylon  
  19  2:10  Probe  
  20  2:16  Assimilator  
  21  2:22  Probe  
  21  2:36  Probe  
  22  2:45  Warp Gate  
  22  2:49  Probe  
  23  2:55  Stalker x2  
  27  3:26  Nexus  
  27  3:29  Pylon, Probe  
  28  3:37  Stalker  
  28  3:39  Pylon  
  30  3:42  Pylon  
  30  3:45  Probe  
  30  3:47  Stalker  
  33  3:59  Twilight Council  
  33  4:02  Robotics Facility  
  33  4:06  Probe  
  34  4:19  Probe  
  35  4:35  Stalker x2  
  39  4:59  Stalker x2  
  43  5:01  Probe x2  
  43  5:04  Immortal  
  49  5:09  Charge  
  49  5:21  Probe x2  
  51  5:25  Stalker  
  51  5:26  Stalker  
  55  5:54  Stalker  
  57  6:08  Stalker  
  59  6:12  Probe x2  
  61  6:24  Probe x2  
  63  6:29  Stargate  
  63  6:31  Stargate  
  63  6:32  Pylon  
  63  6:35  Pylon  
  63  6:36  Probe x2  
  63  6:37  Stalker  
  67  6:40  Stalker, Pylon  
  69  6:48  Probe  
  69  6:50  Probe  
  71  6:54  Assimilator  
  71  6:58  Assimilator  
  53  7:09  Stalker x2  
  43  7:20  Probe x2  
  41  7:35  Stalker  
  41  8:05  Probe x2  
  43  8:20  Forge  
  43  8:47  Pylon  
  43  8:59  Photon Cannon  
  43  9:01  Photon Cannon  
  43  9:03  Photon Cannon  
  43  9:13  Photon Cannon  
  43  9:15  Photon Cannon x2  
  43  9:22  Photon Cannon  
  43  9:24  Photon Cannon  
  43  9:29  Photon Cannon  
  43  9:30  Photon Cannon  
  43  9:35  Photon Cannon  
  43  9:38  Photon Cannon  
  43  9:40  Photon Cannon  
  43  9:41  Photon Cannon  
  43  9:42  Photon Cannon  
  43  9:44  Photon Cannon  
  42  9:46  Photon Cannon  
  42  9:51  Photon Cannon  
  42  9:56  Photon Cannon  
  42  10:10  Gateway  
  42  10:29  Pylon  
  42  11:24  Cybernetics Core  
  42  11:27  Gateway  
  42  11:40  Pylon  
  42  11:41  Pylon x2  
Show
View Real Time Build Order
Export as new Build Order

tigro Terran 

Build Orders:  

Get SALT Encoding   

  12  0:04  SCV  
  13  0:16  SCV  
  14  0:25  Supply Depot  
  14  0:28  SCV  
  15  0:35  Refinery  
  15  0:47  SCV  
  16  0:50  Barracks  
  16  0:59  SCV  
  17  1:08  Refinery  
  17  1:11  SCV  
  18  1:23  SCV  
  19  1:32  Supply Depot  
  19  1:35  SCV  
  20  1:44  Marine  
  21  2:01  Marine  
  22  2:19  Marine  
  23  2:31  Barracks  
  23  2:33  SCV  
  24  2:37  Marine  
  25  2:44  Engineering Bay  
  25  2:45  SCV  
  26  2:55  Marine  
  27  3:15  Barracks Tech Lab  
  27  3:19  Orbital Command  
  27  3:22  Terran Infantry Weapons Level 1  
  27  3:35  Barracks Tech Lab  
  27  3:37  Command Center  
  27  3:50  Factory  
  27  4:47  Factory Tech Lab  
  27  4:50  Refinery  
  27  5:05  Combat Shield  
  27  5:08  Stimpack  
  27  5:16  Terran Infantry Armor Level 1  
  27  5:20  Starport  
  27  5:41  SCV  
  28  5:54  SCV  
  28  5:56  Missile Turret  
  29  5:59  Medivac  
  31  6:06  SCV  
  31  6:09  Refinery  
  32  6:15  Marine x2  
  32  6:18  SCV  
  35  6:19  Missile Turret  
  35  6:22  Siege Tank  
  35  6:24  Concussive Shells  
  38  6:29  Medivac  
  38  6:30  SCV  
  41  6:33  Marine x2  
  43  6:47  Missile Turret  
  43  6:50  Marine  
  43  6:51  Marine  
  42  7:00  Fusion Core  
  36  7:08  Marine x2  
  36  7:10  Neosteel Armor  
  34  7:26  Marine x2  
  33  7:32  Medivac  
  35  7:40  Siege Tank  
  38  7:44  Marine x2  
  38  7:48  Planetary Fortress  
  39  8:02  Marine x2  
  36  8:12  Siege Tank  
  36  8:19  Marine  
  39  8:20  Marine  
  33  8:36  Medivac  
  33  8:37  Marine x2  
  36  8:45  Siege Tank  
  39  8:49  SCV  
  39  8:50  Hi-Sec Auto Tracking  
  39  8:55  Marine x2  
  40  9:01  SCV  
  38  9:13  Marine x2, SCV  
  42  9:17  Siege Tank  
  42  9:31  Marine x2  
  43  9:49  Marine x2  
  28  10:22  Marine x2  
  28  10:26  Siege Tank  
  28  10:27  Medivac  
  28  10:40  Marine x2  
  18  10:58  Marine x2  
  6  11:16  Marine x2, Starport Tech Lab  
Tags
 
Add a new tag
Caveats
  • Supply blocks, unpowered buildings, or Contaminate may cause inaccurate times.
  • Supply counts are checked every 10 seconds.